 Dungeon Crawl Stone Soup version 0.30-a0-374-g95c0257040 (webtiles) character file.

Game seed: 4591722762499428538

51 purpskrrrp the Sneak (level 3, -4/19 HPs)
             Began as a Tengu Enchanter on Nov 25, 2022.
             Killed from afar by Natasha (10 damage)
             ... with a magic dart
             ... on level 2 of the Dungeon on Nov 26, 2022.
             The game lasted 00:04:32 (1177 turns).

purpskrrrp the Sneak (Tengu Enchanter)              Turns: 1177, Time: 00:04:33

Health: -4/19      AC:  1    Str:  8    XL:     3   Next: 81%
Magic:  7/7        EV: 12    Int: 15    God:
Gold:   8          SH:  0    Dex: 16    Spells: 6/6 levels left

rFire   . . .      SeeInvis .    a - +2 dagger
rCold   . . .      Faith    .    (no shield)
rNeg    . . .      Spirit   .    d - +0 leather armour
rPois   .          Reflect  .    (helmet restricted)
rElec   .          Harm     .    (no cloak)
rCorr   .          Rampage  .    (no gloves)
Will    .....                    (boots unavailable)
Stlth   ++........               (no amulet)
HPRegen 0.23/turn                (no ring)
MPRegen 0.10/turn                (no ring)

@: no status effects
A: beak, talons 3, deformed body
a: no special abilities


You were on level 2 of the Dungeon.
You visited 1 branch of the dungeon, and saw 2 of its levels.

You collected 104 gold pieces.
You spent 96 gold pieces at shops.

Inventory:

Hand Weapons
 a - a +2 dagger (weapon)
Armour
 b - a +0 robe
 d - a +0 leather armour (worn)
Scrolls
 e - a scroll of vulnerability {unknown}
 h - a scroll of immolation {unknown}
 l - a scroll of identify
Potions
 c - 2 potions of invisibility
 f - a potion of ambrosia
 g - a potion of might {unknown}
 i - a potion of curing {unknown}
 j - 2 potions of heal wounds
 k - a potion of resistance {unknown}


   Skills:
 + Level 2.1 Short Blades
 + Level 2.8 Dodging
 + Level 3.5 Stealth
 - Level 2.2 Spellcasting
 - Level 2.4 Hexes


You had 6 spell levels left.
You didn't know any spells.
Your spell library contained the following spells:

 Spells                   Type           Power      Damage    Failure   Level
 Ensorcelled Hibernation  Hex/Ice        10%        N/A       28%         2
 Magic Dart               Conj           4%         1d3       32%         1
 Confusing Touch          Hex            8%         N/A       34%         3
 Tukima's Dance           Hex            8%         N/A       34%         3
 Call Imp                 Summ           1%         N/A       43%         2
 Dazzling Flash           Conj/Hex       10%        N/A       50%         3
 Mephitic Cloud           Conj/Pois/Air  1%         N/A       67%         3


Dungeon Overview and Level Annotations

Branches:
Dungeon (2/15)

Altars:

Shops:
D:2 !=

Annotations:
D:2 Natasha


Innate Abilities, Weirdness & Mutations

You have a beak for a mouth.
You have claws for feet.
Armour fits poorly on your strangely shaped body.


Message History

Natasha mumbles some strange words.
You feel disoriented. Natasha claws you!
Ouch! That really hurt!
There is a stone staircase leading down here.
You are too injured to fight recklessly!
You are too injured to fight recklessly!
You are too injured to fight recklessly!
You are too injured to fight recklessly!
You are too injured to fight recklessly!
You are too injured to fight recklessly!
You are too injured to fight recklessly!
You are too injured to fight recklessly!
You are too injured to fight recklessly!
You are too injured to fight recklessly!
You are too injured to fight recklessly!
You are too injured to fight recklessly!
You are too injured to fight recklessly!
You are too injured to fight recklessly!
You are too injured to fight recklessly!
You are too injured to fight recklessly!
You are too injured to fight recklessly!
You are too injured to fight recklessly!
You are too injured to fight recklessly!
You are too injured to fight recklessly!
You hit Natasha. You claw Natasha.
Natasha is heavily wounded.
Natasha claws you.
You hit Natasha. You claw Natasha, but do no damage. Your peck misses Natasha.
Natasha is heavily wounded.
Natasha claws you.
You barely miss Natasha. Your kick misses Natasha.
Natasha is heavily wounded.
Natasha closely misses you.
You barely miss Natasha. Your kick misses Natasha. You peck Natasha.
Natasha is heavily wounded.
Natasha casts a spell at you. The magic dart hits you!
Ouch! That really hurt!
You die...

### #####
####.#########...######
#...#..................
#.##...................
#.##...<.........##.###
#.##.#.########..# #
#.##.#.# #..# #.#..#.#
######..##.# #.#'##.#
#.@........# #.'∩+..#
#h####..##.#
#.#+##.###. #..# #
#........<. #..#
##.#..###### #..#
#..#........ ....
#..#..#####. .....
#..#..# # ....
####..#..## ##.#


You could see Natasha.

Vanquished Creatures
  Robin (D:2)
  A dart slug (D:2)
  3 endoplasms (D:1)
  A giant cockroach (D:1)
  11 goblins
  2 hobgoblins (D:1)
  3 quokkas (D:1)
  3 ball pythons
  5 bats (D:1)
  3 kobolds (D:1)
  3 rats (D:1)
36 creatures vanquished.

Notes
Turn   | Place    | Note
-------+----------+-------------------------------------------
     0 | D:1      | purpskrrrp the Tengu Enchanter began the quest for the Orb.
     0 | D:1      | Reached XP level 1. HP: 10/10 MP: 4/4
   192 | D:1      | Reached XP level 2. HP: 7/15 MP: 6/6
   693 | D:1      | Reached XP level 3. HP: 13/19 MP: 7/7
   945 | D:2      | Noticed Robin
   964 | D:2      | Killed Robin
  1102 | D:2      | Found Kanok's Jewellery Shoppe.
  1138 | D:2      | Found Dozxeis's Distillery.
  1141 | D:2      | Bought a potion of mutation for 96 gold pieces
  1141 | D:2      | Gained mutation: Armour fits poorly on your strangely
                  | shaped body. [potion of mutation]
  1169 | D:2      | Noticed Natasha
  1177 | D:2      | Killed from afar by Natasha

Illustrated notes

Levels and vault maps discovered:
D:1:      dpeg_arrival_arbitrary_c, layout_loops_ring
D:2:      layout_loops_ring, serial_shops, shop, nicolae_shop_trees, shop, shop,
          nicolae_shop_behind_doors, roderic_roman_lattice, uniq_natasha,
          uniq_robin

Skill      XL: |  1  2  3 |
---------------+----------+-----
Short Blades   | 2 |  2.1
Dodging        | |  2.8
Stealth        | |  3.5
Spellcasting   | |  2.2
Hexes          | |  2.4

Action                   || total
-------------------------++-------
Melee: Dagger            ||    93
       Kick              ||    25
       Peck              ||    12
  Use: Scroll            ||     4
       Potion            ||     1
 Stab: Sleeping          ||     5
Armor: Robe              ||    14
       Leather armour    ||     2
Dodge: Dodged            ||    57

Table legend: (Time is in decaauts)
 A = Elapsed time spent in this place.
 B = Non-inter-level travel time spent in this place.
 C = Inter-level travel time spent in this place.
 D = Time resting spent in this place.
 E = Time spent auto-exploring this place.
 F = Levels seen in this place.
 G = Mean time per level.
                   A        B        C        D        E       F      G
               +--------+--------+--------+--------+--------+-----+--------+
         Total |   1170 |   1074 |     96 |      0 |    838 |   2 |  585.0 |
       Dungeon |   1170 |   1074 |     96 |      0 |    838 |   2 |  585.0 |
               +--------+--------+--------+--------+--------+-----+--------+

Top non-repeatable levels by time:
     D:1: 932 daAuts
     D:2: 237 daAuts
